 Dungeon Crawl Stone Soup version 0.29-a0-297-g7659ce593d (webtiles) character file.

Game seed: 2502494676100529749

4192 kae the Arsonist (level 10, -19/60 HPs)
             Began as a Tengu Fire Elementalist on Mar 21, 2022.
             Was a Priest of Vehumet.
             Killed from afar by an acid dragon (21 damage)
             ... with a splash of acid
             ... on level 8 of the Dungeon.
             The game lasted 00:08:57 (11280 turns).

kae the Arsonist (Tengu Fire Elementalist)         Turns: 11280, Time: 00:08:58

Health: -19/60     AC:  1    Str:  9    XL:     10   Next: 29%
Magic:  12/19      EV: 18    Int: 25    God:    Vehumet [***...]
Gold:   567        SH:  5    Dex: 15    Spells: 7/20 levels left

rFire   . . .      SeeInvis .   j - staff of conjuration
rCold   . . .      Faith    .   (no shield)
rNeg    . . .      Spirit   .   v - +0 steam dragon scales
rPois   .          Reflect  +   (helmet restricted)
rElec   .          Harm     .   (no cloak)
rCorr   .          Rampage  .   (no gloves)
Will    .....                   (boots unavailable)
Stlth   ++........              g - amulet of reflection
HPRegen 0.20/turn               l - +4 ring of evasion
MPRegen 0.16/turn               s - +6 ring of intelligence

@: corroded, flying quickly and evasively, quick
A: beak, talons 3, nimble flight
a: Renounce Religion


You were on level 8 of the Dungeon.
You worshipped Vehumet.
Vehumet was most pleased with you.
You visited 2 branches of the dungeon, and saw 9 of its levels.
You also visited: Sewer.

You collected 657 gold pieces.
You spent 90 gold pieces at shops.

Inventory:

Hand Weapons
 c - a +0 dagger
 e - a +2 short sword of speed
Armour
 a - a +1 robe
 v - +0 steam dragon scales (worn)
 y - the +1 hat of the Quahog {rCorr Int+2 Slay-6}
   (You found it on level 8 of the Dungeon)

   Int:       It affects your intelligence (+2).
   Slay:      It affects your accuracy & damage with ranged weapons and melee
   (-6).
   rCorr:     It protects you from acid and corrosion.
Magical Staves
 j - a staff of conjuration (weapon)
Jewellery
 g - an amulet of reflection (around neck)
 h - a ring of ice
 l - a +4 ring of evasion (left hand)
 s - a +6 ring of intelligence (right hand)
 u - a +6 ring of dexterity
Wands
 f - a wand of flame (17)
Scrolls
 o - 3 scrolls of teleportation
 q - 10 scrolls of identify
Potions
 b - 2 potions of magic
 d - 2 potions of haste
 i - 4 potions of curing
 k - 3 potions of degeneration
 m - a potion of lignification
 n - 2 potions of might
 p - a potion of cancellation
 r - a potion of berserk rage
 t - a potion of invisibility
 w - 2 potions of heal wounds
 x - a potion of mutation


   Skills:
 + Level 5.8 Fighting
 - Level 2.1 Dodging
 - Level 2.0 Stealth
 + Level 5.7 Spellcasting
 + Level 7.9 Conjurations
 * Level 10.1 Fire Magic
 + Level 5.4 Evocations


You had 7 spell levels left.
You knew the following spells:

 Your Spells              Type           Power      Damage    Failure   Level
a - Foxfire               Conj/Fire      100%       2x1d9     1%          1
b - Scorch                Fire           100%       2d10      1%          2
c - Conjure Flame         Conj/Fire      68%        6-21      1%          3
d - Inner Flame           Hex/Fire       32%        N/A       1%          3
e - Flame Wave            Conj/Fire      68%        2d13      1%          4

Your spell library contained the following spells:

 Spells                   Type           Power      Damage    Failure   Level
 Ignite Poison            Fire/Tmut/Pois 24%        N/A       1%          3
 Freeze                   Ice            28%        1d5       2%          1
 Hailstorm                Conj/Ice       40%        3d10      4%          4
 Frozen Ramparts          Ice            14%        1d3       6%          3
 Sting                    Tmut/Pois      28%        1d4       8%          1
 Summon Small Mammal      Summ           28%        N/A       8%          1
 Corpse Rot               Necr/Air       14%        N/A       12%         2
 Sublimation of Blood     Necr           7%         N/A       12%         2
 Wereblood                Tmut           7%         N/A       12%         2
 Call Canine Familiar     Summ           7%         N/A       22%         3
 Ozocubu's Armour         Ice            7%         N/A       22%         3
 Summon Guardian Golem    Hex/Summ       7%         N/A       22%         3
 Tukima's Dance           Hex            7%         N/A       22%         3
 Yara's Violent Unravell  Hex/Tmut       3%         3d4       45%         5
 Dispel Undead            Necr           7%         3d8       58%         4
 Ice Form                 Ice/Tmut       7%         N/A       58%         4
 Passage of Golubria      Tloc           7%         N/A       58%         4
 Death Channel            Necr           3%         N/A       100%        6
 Simulacrum               Ice/Necr       3%         N/A       100%        6
 Summon Cactus Giant      Summ           3%         N/A       100%        6
 Haunt                    Necr/Summ      3%         N/A       100%        7
 Ozocubu's Refrigeration  Ice            3%         4d5       100%        7


Dungeon Overview and Level Annotations

Branches:
Dungeon (8/15)             Temple (1/1) D:4           Sewer (visited)
   Lair: D:8-11

Altars:
Ashenzari
Cheibriados
Dithmenos
Elyvilon
Fedhas
Gozag
Hepliaklqana
Kikubaaqudgha
Makhleb
Nemelex Xobeh
Okawaru
Qazlal
Ru
Sif Muna
Trog
Uskayaw
Vehumet
Wu Jian
Xom
Yredelemnul
Zin
The Shining One

Shops:
D:2 ?[[*?


Innate Abilities, Weirdness & Mutations

You have a beak for a mouth.
You have claws for feet.
Your magical nature lets you fly swiftly and evasively.


Message History

You feel a surge of power!
You conjure some foxfire!
The foxfire hits the acid dragon but does no damage.
The acid dragon roars!
The acid dragon spits acid at you. The splash of acid hits you!!
The acid corrodes you!
Casting: Foxfire (safe; 1% risk of failure)
Confirm with . or Enter, or press ? or * to list all spells.
You can't see any susceptible monsters within range! (Use Z to cast anyway.)
Casting: Foxfire (safe; 1% risk of failure)
Confirm with . or Enter, or press ? or * to list all spells.
You can't see any susceptible monsters within range! (Use Z to cast anyway.)
Casting: Foxfire (safe; 1% risk of failure)
Confirm with . or Enter, or press ? or * to list all spells.
You feel a surge of power!
You conjure some foxfire!
The foxfire hits the acid dragon.
The acid dragon is lightly wounded.
The foxfire hits the acid dragon.
The acid dragon is lightly wounded.
Casting: Foxfire (safe; 1% risk of failure)
Confirm with . or Enter, or press ? or * to list all spells.
Flames lash the acid dragon.
The acid dragon is moderately wounded.
The acid dragon's fire resistance burns away.
The acid dragon misses you. The acid dragon completely misses you.
Casting: Scorch (safe; 1% risk of failure)
Confirm with . or Enter, or press ? or * to list all spells.
Flames lash the acid dragon.
The acid dragon is burned terribly!
The acid dragon is heavily wounded.
The acid dragon bites you! The acid dragon barely misses you.
The acid dragon completely misses you. You block the acid dragon's attack.
Casting: Scorch (safe; 1% risk of failure)
Confirm with . or Enter, or press ? or * to list all spells.
Flames lash the acid dragon.
The acid dragon is burned terribly!
The acid dragon is severely wounded.
The acid dragon spits acid at you. The splash of acid hits you!!
* * * LOW HITPOINT WARNING * * *
The acid dragon spits acid at you. The splash of acid hits you!!
You die...

..#####....#.#.....#
#.#.#.### ..#
#....#.......# #.#......
..# #....##......#
..#.##### ..#
#....##......# #####......
..#
#....##......##.....#......
..#
###.................+......
...
......##.####.....#......
...... #.# ########### ...
#@# #...D....# ##.......#
#.......# #.......#
#.......# #.>.......
#...######


You could see an acid dragon (catching breath, combustible).

Vanquished Creatures
  Pikel (D:8)
  Eustachio (D:5)
  A steam dragon (D:6)
  Menkaure (D:6)
  2 water moccasins
  4 black bears
  4 sky beasts
  An ogre (D:5)
  3 centaurs
  4 lemures (D:8)
  5 phantoms
  Blork the orc (D:6)
  A bullfrog (D:8)
  3 scorpions
  4 wights
  4 howler monkeys
  6 hounds
  2 jellies
  A gnoll shaman (D:6)
  4 orc priests
  3 iguanas
  Natasha (thrice) (D:3)
  4 orc wizards
  15 gnolls
  5 adders
  A shadow imp (D:8)
  3 white imps
  2 ufetubi
  3 worms
  3 dart slugs
  21 orcs
  6 ball pythons
  11 endoplasms
  5 giant cockroaches
  34 goblins
  29 hobgoblins
  10 jackals
  A quokka (D:3)
  5 bats
  3 frilled lizards
  8 kobolds
  4 rats
232 creatures vanquished.

Vanquished Creatures (others)
  564 foxfires
564 creatures vanquished.

Grand Total: 796 creatures vanquished

Notes
Turn   | Place    | Note
-------+----------+-------------------------------------------
     0 | D:1      | kae the Tengu Fire Elementalist began the quest for the
                  | Orb.
     0 | D:1      | Reached XP level 1. HP: 10/10 MP: 4/4
   214 | D:1      | Reached XP level 2. HP: 15/16 MP: 4/6
  1005 | D:2      | Found Uremekon's Armour Boutique.
  1116 | D:2      | Found Loepnigg's Magic Scroll Shoppe.
  1121 | D:2      | Bought a scroll of identify for 20 gold pieces
  1202 | D:2      | Reached skill level 1 in Fighting
  1202 | D:2      | Reached XP level 3. HP: 18/20 MP: 5/7
  1242 | D:2      | Found Iruk's General Store.
  1347 | D:2      | Found Viappo Udwi's Magic Scroll Boutique.
  1356 | D:2      | HP: 1/20 [worm (8)]
  1382 | D:2      | Reached skill level 4 in Fire Magic
  1680 | D:2      | Found a faded altar of an unknown god.
  2027 | D:2      | Found Kautarch's Armour Boutique.
  2112 | D:2      | Bought a scroll of teleportation for 30 gold pieces
  2112 | D:2      | Bought a scroll of identify for 20 gold pieces
  2112 | D:2      | Bought a scroll of identify for 20 gold pieces
  2517 | D:3      | Noticed Natasha
  2525 | D:3      | Killed Natasha
  2526 | D:3      | Reached XP level 4. HP: 19/25 MP: 3/8
  2529 | D:3      | Learned a level 2 spell: Scorch
  2533 | D:3      | Learned a level 3 spell: Conjure Flame
  2998 | D:3      | Got the Almanac of Cold and Transformation
  3289 | D:3      | Noticed Natasha
  3578 | D:3      | Killed Natasha
  3579 | D:3      | Gained mutation: Your magical nature lets you fly swiftly
                  | and evasively. [Tengu growth]
  3579 | D:3      | Reached XP level 5. HP: 27/30 MP: 5/10
  3671 | D:3      | Reached skill level 1 in Evocations
  3772 | D:3      | Noticed Natasha
  3775 | D:3      | Killed Natasha
  3776 | D:3      | Reached skill level 5 in Fire Magic
  4017 | D:4      | Noticed a black bear
  4028 | D:4      | Killed a black bear
  4029 | D:4      | Reached XP level 6. HP: 35/35 MP: 3/11
  4236 | D:4      | Noticed a black bear
  4268 | D:4      | Reached XP level 7. HP: 30/40 MP: 5/12
  4397 | D:4      | Reached skill level 6 in Fire Magic
  4807 | D:4      | Found a staircase to the Ecumenical Temple.
  4859 | Temple   | Entered the Ecumenical Temple
  4876 | Temple   | HP: 2/41 [poisoned by a scorpion]
  5575 | Temple   | Became a worshipper of Vehumet
  5803 | D:4      | Reached XP level 8. HP: 27/46 MP: 4/14
  6152 | D:5      | Entered Level 5 of the Dungeon
  6274 | D:5      | Reached skill level 5 in Conjurations
  6313 | D:5      | Reached skill level 7 in Fire Magic
  6627 | D:5      | Found a hide-covered altar of Uskayaw.
  7083 | D:5      | Reached * piety under Vehumet
  7083 | D:5      | Offered knowledge of Freeze by Vehumet.
  7675 | D:5      | Reached ** piety under Vehumet
  7675 | D:5      | Offered knowledge of Searing Ray by Vehumet.
  7789 | D:5      | Reached XP level 9. HP: 51/52 MP: 9/16
  7790 | D:5      | Reached skill level 8 in Fire Magic
  8259 | D:6      | Found a glowing drain.
  8271 | Sewer    | Entered a sewer
  8391 | Sewer    | Learned a level 3 spell: Inner Flame
  8396 | Sewer    | Learned a level 4 spell: Flame Wave
  8501 | D:6      | Noticed Eustachio
  8501 | D:6      | Noticed Blork the orc
  8633 | D:5      | Killed Eustachio
  8633 | D:5      | Offered knowledge of Dazzling Flash by Vehumet.
  8831 | D:6      | Killed Blork the orc
  8849 | D:6      | Reached skill level 5 in Spellcasting
  8980 | D:6      | Reached skill level 5 in Fighting
  9058 | D:6      | Noticed Menkaure
  9061 | D:6      | Reached skill level 9 in Fire Magic
  9068 | D:6      | Killed Menkaure
  9593 | D:7      | Reached *** piety under Vehumet
  9853 | D:7      | Reached skill level 5 in Evocations
  9949 | D:7      | Offered knowledge of Ignite Poison by Vehumet.
  9958 | D:7      | Reached XP level 10. HP: 41/58 MP: 12/19
 10068 | D:7      | Got the Catalogue of Evil Magic
 10820 | D:8      | Identified the +1 hat of the Quahog {rCorr Int+2 Slay-6}
 10835 | D:8      | Noticed Pikel
 11101 | D:8      | Killed Pikel
 11102 | D:8      | Reached skill level 10 in Fire Magic
 11279 | D:8      | HP: 1/60 [acid dragon/splash of acid (23)]
 11280 | D:8      | Killed from afar by an acid dragon

Illustrated notes

Levels and vault maps discovered:
D:1:      wander_arrival_peaceful_grave, layout_loops_ring
D:2:      layout_loops_ring, serial_shops, shop_statue, shop_statue, shop,
          nicolae_shop_window_shopping, nicolae_shop_stone,
          shapermc_ecumenical_altar_mp_highgroup, minmay_tiny_reverse_x
D:3:      layout_rooms, hangedman_glass_teeth,
          minmay_fractal_squares_diagonal_5, uniq_natasha
D:4:      minmay_opposing_rooms, layout_rooms, minmay_temple_entry_statues
D:5:      minmay_goblin_kobold_castle, layout_rooms, mainiacjoe_overflow_paths,
          minmay_tree_intersection, nicolae_zen_rock_garden
D:6:      layout_cave_pools, cheibrodos_sewer_entry_drain, uniq_eustachio,
          uniq_blork_the_orc, uniq_menkaure
D:7:      layout_cave_pools
D:8:      layout_basic, uniq_pikel
Temple:   mainiacjoe_temple_trianglar_array

Skill      XL: |  1  2  3  4  5  6  7  8  9 10 |
---------------+-------------------------------+-----
Conjurations   | 2 3 4 6 7 |  7.9
Fighting       | 1 2 3 4 5 |  5.8
Fire Magic     | 4 5 6 7 9 10 | 10.1
Evocations     | 1 2 3 5 |  5.4
Spellcasting   | 3 4 5 |  5.7
Dodging        | |  2.1
Stealth        | |  2.0

Action                   |  1- 3 |  4- 6 |  7- 9 | 10-12 || total
-------------------------+-------+-------+-------+-------++-------
Melee: Dagger            |     7 |       |       |       ||     7
       Kick              |     3 |     4 |     3 |     2 ||    12
       Short sword       |     4 |     1 |       |       ||     5
       Punch             |     1 |     1 |       |       ||     2
       Staff             |       |    10 |    12 |     3 ||    25
       Peck              |       |     1 |     3 |       ||     4
 Cast: Foxfire           |    62 |    74 |   156 |    45 ||   337
       Scorch            |       |    12 |   121 |    21 ||   154
       Conjure Flame     |       |       |     4 |     1 ||     5
       Inner Flame       |       |       |     1 |       ||     1
  Use: Scroll            |     8 |     4 |     6 |     1 ||    19
       Potion            |       |     1 |     1 |       ||     2
 Stab: Sleeping          |     2 |       |       |       ||     2
Armor: Robe              |     3 |     7 |     9 |       ||    19
       Steam dragon scal |       |       |     1 |     7 ||     8
Dodge: Dodged            |    16 |    35 |   189 |    34 ||   274
Block: Other             |       |     4 |    49 |     9 ||    62

Table legend: (Time is in decaauts)
 A = Elapsed time spent in this place.
 B = Non-inter-level travel time spent in this place.
 C = Inter-level travel time spent in this place.
 D = Time resting spent in this place.
 E = Time spent auto-exploring this place.
 F = Levels seen in this place.
 G = Mean time per level.
                   A        B        C        D        E       F      G
               +--------+--------+--------+--------+--------+-----+--------+
         Total |  10963 |  10602 |    361 |    782 |   8047 |  10 | 1096.3 |
       Dungeon |  10101 |   9782 |    319 |    782 |   7297 |   8 | 1262.6 |
        Temple |    702 |    661 |     41 |      0 |    640 |   1 |  702.0 |
         Sewer |    160 |    160 |      0 |      0 |    109 |   1 |  160.0 |
               +--------+--------+--------+--------+--------+-----+--------+

Top non-repeatable levels by time:
     D:5: 2287 daAuts
     D:2: 1514 daAuts
     D:4: 1436 daAuts
     D:3: 1418 daAuts
     D:1: 969 daAuts
     D:6: 864 daAuts
     D:7: 846 daAuts
     D:8: 764 daAuts
  Temple: 702 daAuts
   Sewer: 160 daAuts
